[Event "Dvaro taure"]
[Site "Taujenai, Lithuania"]
[Date "2021.11.28"]
[Round "7.25"]
[White "Matulaitis, Mantas"]
[Black "Griksaite, Laura"]
[Result "1-0"]
[WhiteElo "1176"]
[BlackElo "1092"]
[PlyCount "47"]
[EventDate "2021.??.??"]
[TimeControl "10+5"]
[WhiteClock "0:09:01"]
[BlackClock "0:10:03"]

1. b3 e5 2. Bb2 Nc6 3. e3 Nf6 4. Bb5 Bc5 5. Bxc6 dxc6 6. Bxe5 Qe7 7. Bb2 Bd7 8. Ne2 O-O 9. d3 Bg4 10. O-O Bd6 11. d4 c5 12. Nd2 cxd4 13.
Bxd4 c5 14. Bxf6 Qxf6 15. Ne4 Bxe2 16. Nxf6+ gxf6 17. Qxe2 Rad8 18. Qg4+ Kh8 19. f4 c4 20. Rf3 Bc5 21. Rh3 Rd2 22. Qh4 h5 23. Qxh5+ Kg8 24. Qh7# 1-0

[Event "Dvaro taure"]
[Site "Taujenai, Lithuania"]
[Date "2021.11.28"]
[Round "7.26"]
[White "Mendelis, Mantas"]
[Black "Alejunaite, Milda"]
[Result "1-0"]
[WhiteElo "1021"]
[BlackElo "1171"]
[PlyCount "43"]
[EventDate "2021.??.??"]
[TimeControl "10+5"]
[WhiteClock "0:08:46"]
[BlackClock "0:06:18"]

1. e4 e5 2. Nf3 Nc6 3. Bb5 a6 4. Ba4 Nf6 5. O-O d6 6. c3 Nxe4 7. Bxc6+ bxc6 8. Re1 Nf6 9. d4 Be6 10. Bg5 Be7 11. dxe5 dxe5 12. Qxd8+ Rxd8 13.
Nxe5 h6 14. Bh4 Rd6 15. Bg3 Rd2 16. Nxd2 O-O 17. Nxc6 Bd6 18.
Bxd6 cxd6 19. Nb4 a5 20. Nc2 Bf5 21. Nd4 Bg6 22. Nc4 1-0